 Dungeon Crawl Stone Soup version 0.15-a0-1309-g3520d71 (webtiles) character file.

18 Quh the Magician (level 2, 0/19 HPs)
             Began as a Demonspawn Wizard on June 7, 2014.
             Succumbed to an adder's poison
             ... on Level 2 of the Dungeon.
             The game lasted 00:03:14 (1131 turns).

Quh the Magician (Demonspawn Wizard)                Turns: 1131, Time: 00:03:14

HP   0/19        AC  2     Str  7      XL: 2   Next: 48%
MP   0/6         EV 12     Int 19      God:
Gold 98          SH  0     Dex 11      Spells:  4 memorised,  0 levels left

rFire  . . .     SeeInvis .     p - +0 dagger
rCold  . . .     Clarity  .     a - +0 robe
rNeg   . . .     rCorr    .     (no shield)
rPois  .         rRot     .     b - +0 hat
rElec  .         Spirit   .     (no cloak)
SustAb .         Warding  .     (no gloves)
rMut   .         Stasis   .     (no boots)
Gourm  .                        (no amulet)
MR     .....                    (no ring)
                                (no ring)

@: lethally poisoned, not resistant to hostile enchantments, very unstealthy
A: hooves 1
a: no special abilities


You were on level 2 of the Dungeon.
You were hungry.

You visited 1 branch of the dungeon, and saw 2 of its levels.

You collected 98 gold pieces.

Inventory:

Hand weapons
 i - a -3,+0 dagger
 m - a +0,+0 hand axe
 o - a +0,+0 dagger
 p - a +0,+0 dagger (weapon)
Missiles
 g - 32 stones (quivered)
 n - 34 bolts
Armour
 a - a +0 robe (worn)
 b - a +0 hat (worn)
Comestibles
 d - 2 bread rations
 h - a meat ration
Scrolls
 e - a scroll of remove curse
 f - 2 scrolls of random uselessness {unknown}
 j - a scroll of identify {unknown}
 k - a scroll of enchant weapon II {unknown}
 l - a scroll of teleportation {unknown}
Books
 c - a book of Minor Magic

   Spells                             Type                      Level
   *Magic Dart                        Conjuration                  1
   *Blink                             Translocation                2
   *Call Imp                          Summoning                    2
   *Repel Missiles                    Charms/Air                   2
   Slow                               Hexes                        2
   Conjure Flame                      Conjuration/Fire             3
   Mephitic Cloud                     Conjuration/Poison/Air       3


   Skills:
 - Level 1.7 Dodging
 - Level 1.7 Stealth
 * Level 3.4 Spellcasting
 * Level 1.8 Conjurations
 - Level 1.0 Summonings
 - Level 0.8 Translocations


You couldn't memorise any spells.
You knew the following spells:

 Your Spells              Type           Power        Failure   Level  Hunger
a - Magic Dart            Conj           ##..         10%         1    None
b - Blink                 Tloc           N/A          17%         2    ##.....
c - Call Imp              Summ           #.......     17%         2    ##.....
d - Repel Missiles        Chrm/Air       #.....       24%         2    ##.....


Dungeon Overview and Level Annotations

Branches:
Dungeon (2/15)

Altars:


Innate Abilities, Weirdness & Mutations

You have large cloven feet.


Message History

You barely miss the adder. You kick the adder, but do no damage.
The adder is almost dead.
The adder closely misses you.
You hit the adder but do no damage.
The adder is almost dead.
The adder bites you. x2
* * * LOW HITPOINT WARNING * * *
You are lethally poisoned!
The adder poisons you!
You barely miss the adder. Your kick misses the adder.
The adder is almost dead.
* * * LOW HITPOINT WARNING * * *
You feel sick. The adder barely misses you.
* * * LOW HITPOINT WARNING * * *
You feel sick. The adder bites you.
* * * LOW HITPOINT WARNING * * *
You miss the adder. You kick the adder, but do no damage.
The adder is almost dead.
You die...

..........%..............
..........##.............
.........[.##...........#.
...........####...........
.............##...........
###..........##...........
#.......................
#...>...................
#......@...#####.. .
####...S.....#..
#######............
#..................
#..................
#.............#+#..
#...............+
...####.......## ...
###'###....<


You could see an adder.

Vanquished Creatures
  A giant gecko (D:2)
  5 bats (D:1)
  4 goblins
  2 hobgoblins (D:1)
  A kobold (D:1)
  3 rats
16 creatures vanquished.

Notes
Turn   | Place    | Note
--------------------------------------------------------------
     0 | D:1      | Quh, the Demonspawn Wizard, began the quest for the Orb.
     0 | D:1      | Reached XP level 1. HP: 13/13 MP: 4/4
   605 | D:1      | Gained mutation: You have large cloven feet. [demonic ancestry]
   605 | D:1      | Reached XP level 2. HP: 16/19 MP: 4/6
   609 | D:1      | Learned a level 2 spell: Blink
   612 | D:1      | Learned a level 2 spell: Call Imp
   615 | D:1      | Learned a level 2 spell: Repel Missiles
  1131 | D:2      | Succumbed to an adder's poison

Action                   || total
-------------------------++-------
Melee: Unarmed           ||     8
       Dagger            ||    15
       Hand axe          ||    12
 Cast: Magic Dart        ||    35
  Use: Scroll            ||     1
